 Dungeon Crawl Stone Soup version 0.23-a0-315-ga85b81c (webtiles) character file.

23 b5mith the Skirmisher (level 3, -2/29 HPs)
             Began as a Human Wanderer on Oct 13, 2018.
             Slain by a goblin (5 damage)
             ... led by Robin
             ... on level 2 of the Dungeon.
             The game lasted 00:03:02 (564 turns).

b5mith the Skirmisher (Human Wanderer)               Turns: 564, Time: 00:03:03

Health: -2/29      AC:  2    Str: 13    XL:     3   Next: 12%
Magic:  3/3        EV: 11    Int: 12    God:
Gold:   56         SH:  0    Dex: 12    Spells: 2/2 levels left

rFire    x . .     SeeInvis .   b - +0 quarterstaff
rCold    + . .     Gourm    .   (shield currently unavailable)
rNeg     . . .     Faith    .   f - +0 robe
rPois    .         Spirit   .   (no helmet)
rElec    .         Reflect  .   (no cloak)
rCorr    .         Harm     .   (no gloves)
MR       .....                  (no boots)
Stlth    ++........             (no amulet)
HPRegen  0.09/turn              j - ring of ice
MPRegen  0.08/turn              (no ring)

@: no status effects
A: no striking features
a: no special abilities


You were on level 2 of the Dungeon.
You were not hungry.

You visited 1 branch of the dungeon, and saw 2 of its levels.

You collected 56 gold pieces.

Inventory:

Hand Weapons
 a - a +2 shortbow
 b - a +0 quarterstaff (weapon)
 e - a +0 blowgun
Missiles
 c - 40 arrows
 d - 13 poisoned needles
Armour
 f - a +0 robe (worn)
 h - a +0 leather armour
   (You found it on level 1 of the Dungeon)
Jewellery
 j - a ring of ice (left hand)
   (You found it on level 1 of the Dungeon)
Wands
 n - a wand of clouds (4)
   (You found it on level 2 of the Dungeon)
Scrolls
 k - a scroll of magic mapping {unknown}
 m - a scroll of enchant armour {unknown}
Potions
 l - a potion of mutation {unknown}
Comestibles
 g - 3 rations
 i - a chunk of flesh


   Skills:
 + Level 3.3 Fighting
   Level 1.0 Short Blades
 + Level 0.9 Staves
 + Level 1.6 Bows
 - Level 1.0 Throwing
 - Level 1.0 Armour
 - Level 1.0 Dodging
 + Level 1.6 Stealth
   Level 1.0 Shields


You had 2 spell levels left.
You didn't know any spells.
Your spell library was empty.

Dungeon Overview and Level Annotations

Branches:
Dungeon (2/15)

Altars:


Message History

Robin laughs in a distinctly smug fashion.
A leopard gecko comes into view.
You hit Robin.
Robin is lightly wounded.
The goblin closely misses you.
A goblin comes into view. It is wielding a dagger.
The goblin barely misses you.
You hit Robin but do no damage.
Robin is lightly wounded.
Robin completely misses you.
A goblin comes into view.
The goblin closely misses you.
Robin roars a battlecry!
The goblins go into a battle-frenzy!
You thump Robin!
Robin is heavily wounded.
A goblin comes into view.
The goblin closely misses you.
You sock Robin!
Robin is almost dead.
The goblin hits you.
Robin roars a battlecry!
The goblin goes into a battle-frenzy!
The goblin hits you.
You hit Robin but do no damage.
Robin is almost dead.
Robin hits you but does no damage. The goblin hits you.
Robin barely misses you.
You barely miss Robin.
Robin is almost dead.
The goblin barely misses you. Robin misses you.
You hit Robin.
You kill Robin!
You have reached level 3!
Your experience leads to an increase in your attributes!
Increase (S)trength, (I)ntelligence, or (D)exterity?
You feel stronger. The goblin hits you but does no damage.
You barely miss the goblin. The goblin closely misses you. The goblin hits you.
* * * LOW HITPOINT WARNING * * *
You closely miss the goblin. The goblin barely misses you. The goblin hits you.
* * * LOW HITPOINT WARNING * * *
You barely miss the goblin. The goblin hits you.
* * * LOW HITPOINT WARNING * * *
The goblin hits you.
* * * LOW HITPOINT WARNING * * *
You barely miss the goblin. The goblin hits you.
* * * LOW HITPOINT WARNING * * *
The goblin hits you.
You die...

#..##### #..#
#..# .# #g.# ..
#..# ## #.#. #g..
.# ..g#.## .#
#.#lg#########.#
#.gggg@g.....<.#
#..g#g###########
#. #. .. .#. ....
.# .. #. ..


You could see a leopard gecko, 2 hobgoblins and 7 goblins.

Vanquished Creatures
  Robin (D:2)
  A giant cockroach (D:2)
  2 goblins (D:1)
  3 hobgoblins (D:1)
  2 kobolds (D:1)
  A frilled lizard (D:1)
  2 rats (D:1)
12 creatures vanquished.

Notes
Turn   | Place    | Note
-------+----------+-------------------------------------------
     0 | D:1      | b5mith the Human Wanderer began the quest for the Orb.
     0 | D:1      | b5mith set off with: a +2 shortbow, 26 arrows, a +0
                  | quarterstaff, 13 poisoned needles, a +0 blowgun, a +0 robe,
                  | a ration
     0 | D:1      | Reached XP level 1. HP: 18/18 MP: 1/1
   228 | D:1      | Reached XP level 2. HP: 24/24 MP: 2/2
   496 | D:2      | Noticed Robin
   560 | D:2      | Killed Robin
   560 | D:2      | Reached XP level 3. HP: 23/29 MP: 3/3
   564 | D:2      | Slain by a goblin

Vault maps used:
D:1:      lightli_arrival_quake, roderic_roman_lattice
D:2:      first_ration, dk_xom_monty_hall, uniq_robin

Action                   || total
-------------------------++-------
Melee: Unarmed           ||     1
       Quarterstaff      ||    20
 Fire: Shortbow          ||    19
Armor: Robe              ||     2
Dodge: Dodged            ||    20

Table legend:
 A = Non-vault XP
 B = Vault XP
 C = Vault XP percentage of total XP
 D = Non-vault monster count
 E = Vault monster count
 F = Vault count percentage of total count
                 A         B        C        D         E       F
            +---------+---------+-------+---------+---------+-------
      Total |      18 |      16 |  47.1 |      11 |       1 |   8.3
            +---------+---------+-------+---------+---------+-------
        D:1 |      16 |       0 |   0.0 |      10 |       0 |   0.0
        D:2 |       2 |      16 |  88.9 |       1 |       1 |  50.0
            +---------+---------+-------+---------+---------+-------
